AoeStats
← kurmanaliev969

Black Forest

510394285Analyzed
3v3 RM · 16h ago on Sep 30, 2026· 84m 35s· 6 players
Game mode
Random Map
Map size
Normal (6 player)
Population
200
Speed
Normal
Resources
Standard
Victory
Conquest
Starting age
Dark Age
Ending age
Imperial Age
RankedLock teamsTeams togetherTeam positionsShared explorationLock speedFull tech treeHidden civsTurbo modeCheats
Victory
Defeat
🇰🇬 Bohemians · Kyrgyzstan
492
+24
🇰🇬 Danes · Kyrgyzstan
434
+20
🇩🇪 Byzantines · Germany
433
+20
🇬🇧 Franks · United Kingdom
592
-22
🇬🇧 Inca · United Kingdom
521
-19
🇦🇷 Sicilians · Argentina
443
-16
RaphiniaOneLove
11:36 Feudal Age
13:47 Double-Bit Axe
13:45 Horse Collar
15:51 Wheelbarrow
16:46 Stone Mining
16:47 Gold Mining
24:22 Castle Age
26:51 Hand Cart
28:15 Loom
29:01 Town Watch
30:04 Bow Saw
30:05 Loom
32:36 Caravan
33:06 Coinage
33:03 Heavy Plow
33:44 Stone Shaft Mining
33:44 Gold Shaft Mining
39:23 Imperial Age
38:06 Ballistics
41:13 Pikeman
41:53 Squires
41:39 Arson
41:40 Gambesons
41:20 Elite Varangian Guard
41:26 Onager
41:37 Cranequins
42:29 Northmen's Fury
44:32 Banking
45:09 Sanctity
44:59 Redemption
44:31 Heavy Mounted Crossbowman
46:47 Elite Jomsviking
46:48 Hamask
47:10 Halberdier
49:12 Siege Onager
50:06 Siege Engineers
50:18 Scale Mail Armor
50:29 Forging
51:25 Conscription
52:55 Hoardings
52:40 Chain Mail Armor
52:16 Fletching
55:51 Plate Mail Armor
55:57 Iron Casting
55:18 Bodkin Arrow
55:23 Padded Archer Armor
57:12 Thumb Ring
73:27 Elite Skirmisher
73:27 Crossbowman
kurmanaliev969
12:22 Feudal Age
15:15 Double-Bit Axe
15:14 Horse Collar
22:27 Castle Age
20:58 Stone Mining
21:00 Gold Mining
24:09 Bow Saw
24:04 Heavy Plow
25:00 Caravan
27:16 Wheelbarrow
32:11 Imperial Age
30:33 Gold Shaft Mining
31:16 Coinage
31:37 Fortified Wall
32:07 Hand Cart
33:15 Ballistics
36:42 Two-Man Saw
36:48 Onager
38:50 Stone Shaft Mining
39:19 Banking
39:05 Guilds
40:10 Capped Ram
41:05 Elite Cataphract
42:22 Hoardings
44:11 Scale Barding Armor
44:07 Padded Archer Armor
43:58 Fletching
44:09 Scale Mail Armor
44:19 Forging
45:43 Logistica
47:03 Chemistry
48:36 Chain Barding Armor
50:19 Plate Barding Armor
50:00 Leather Archer Armor
50:01 Chain Mail Armor
51:06 Elite Skirmisher
56:24 Ring Archer Armor
58:44 Siege Ram
Karcoza
12:41 Feudal Age
14:25 Double-Bit Axe
15:07 Horse Collar
19:57 Castle Age
20:03 Fletching
20:19 Padded Archer Armor
21:36 Squires
21:56 Bow Saw
25:45 Caravan
26:39 Fervor
26:36 Elite Skirmisher
26:38 Crossbowman
26:43 Pikeman
29:38 Redemption
29:59 Sanctity
29:46 Bodkin Arrow
30:06 Leather Archer Armor
30:03 Forging
30:39 Leather Archer Armor
33:36 Wagenburg Tactics
34:08 Man-at-Arms
34:35 Arson
35:28 Ballistics
36:08 Chemistry
35:55 Heavy Plow
37:41 Wheelbarrow
36:54 Loom
39:42 Imperial Age
37:20 Long Swordsman
38:53 Iron Casting
38:20 Scale Mail Armor
40:49 Hand Cart
41:29 Chain Mail Armor
41:16 Guard Tower
41:43 Houfnice
42:59 Town Watch
44:26 Blast Furnace
43:27 Bracer
43:58 Ring Archer Armor
43:58 Plate Mail Armor
43:35 Scale Barding Armor
44:31 Hussite Reforms
44:05 Halberdier
44:06 Two-Handed Swordsman
44:11 Arbalester
45:49 Town Patrol
46:24 Guilds
50:05 Chain Barding Armor
50:23 Devotion
50:50 Illumination
50:42 Block Printing
50:24 Herbal Medicine
51:06 Theocracy
50:52 Heresy
50:34 Atonement
50:10 Onager
50:13 Capped Ram
51:15 Sappers
52:32 Bombard Tower
52:32 Siege Engineers
52:08 Champion
55:14 Arrowslits
55:42 Masonry
55:24 Elite Hussite Wagon
56:27 Conscription
63:46 Cavalier
64:27 Husbandry
Leggy Mountbatten
0:32 Loom
12:45 Feudal Age
13:07 Horse Collar
13:13 Double-Bit Axe
15:04 Gold Mining
20:53 Castle Age
21:45 Heavy Plow
27:35 Forging
27:47 Arson
29:06 Squires
30:50 Iron Casting
30:06 Fletching
31:20 Bow Saw
32:48 Stone Mining
34:00 Caravan
36:05 Stone Shaft Mining
36:06 Gold Shaft Mining
36:27 Town Watch
37:49 Town Patrol
38:28 Wheelbarrow
38:03 Scale Mail Armor
38:04 Padded Archer Armor
38:00 Bodkin Arrow
38:05 Pikeman
39:14 Guard Tower
39:46 Ballistics
39:22 Murder Holes
43:26 Imperial Age
41:12 Hand Cart
41:32 Heated Shot
41:23 Treadmill Crane
41:53 Masonry
42:06 Leather Archer Armor
42:12 Chain Mail Armor
42:47 Elite Skirmisher
42:48 Crossbowman
43:34 Thumb Ring
43:57 Heavy Scorpion
43:58 Onager
44:00 Capped Ram
46:30 Andean Sling
46:31 Fabric Shields
47:20 Conscription
46:33 Sappers
47:51 Hoardings
47:25 Elite Kamayuk
49:02 Plate Mail Armor
49:09 Ring Archer Armor
48:59 Siege Ram
49:18 Halberdier
55:17 Keep
54:28 Arrowslits
55:44 Chemistry
54:56 Fortified Wall
54:59 Siege Engineers
PoGy
9:46 Loom
12:10 Feudal Age
12:51 Horse Collar
14:30 Double-Bit Axe
16:50 Town Watch
20:03 Wheelbarrow
27:54 Stone Mining
27:58 Gold Mining
31:00 Castle Age
29:25 Scale Mail Armor
29:37 Forging
31:11 Bloodlines
34:15 Iron Casting
33:56 Chain Mail Armor
33:47 Heavy Plow
34:00 Bow Saw
34:30 Gold Shaft Mining
34:34 Stone Shaft Mining
34:20 Hand Cart
34:06 Town Patrol
35:53 Caravan
36:28 Coinage
38:33 Sanctity
40:52 Imperial Age
42:03 Conscription
41:04 Elite Serjeant
43:35 Husbandry
45:15 Chemistry
44:22 Heated Shot
47:00 Plate Mail Armor
47:30 Blast Furnace
46:37 Scale Barding Armor
47:07 Crop Rotation
46:41 Herbal Medicine
46:39 Cavalier
48:49 Cavalier
49:38 Murder Holes
49:49 Siege Engineers
49:54 Masonry
52:18 Banking
51:59 Guilds
54:37 Chain Barding Armor
56:21 Plate Barding Armor
62:22 Hoardings
62:11 First Crusade
62:03 Hauberk
80:25 Cranequins
80:39 Heavy Mounted Crossbowman
81:23 Padded Archer Armor
81:13 Fletching
ukrc786
1:55 Loom
12:59 Feudal Age
14:51 Arson
18:48 Double-Bit Axe
22:21 Forging
22:12 Padded Archer Armor
22:03 Fletching
22:15 Scale Mail Armor
24:22 Castle Age
24:04 Scale Barding Armor
26:00 Bow Saw
26:28 Iron Casting
26:30 Squires
29:53 Pikeman
30:54 Leather Archer Armor
30:34 Bodkin Arrow
30:55 Chain Mail Armor
33:55 Chain Barding Armor
38:50 Fortified Wall
39:02 Ballistics
38:38 Murder Holes
39:12 Gold Mining
42:04 Imperial Age
41:20 Stone Mining
42:06 Gold Shaft Mining
41:31 Ordonnance Companies
41:45 Elite Skirmisher
43:29 Cavalier
44:09 Husbandry
44:38 Capped Ram
47:47 Blast Furnace
47:28 Chivalry
50:11 Chemistry
48:40 Halberdier
51:09 Onager
57:49 Plate Mail Armor
59:34 Elite Throwing Axeman
Connection lost

Rejoining the realm…

Still unreachable

The connection could not be restored.

Session expired

The server has moved on; the page needs a fresh start.